 Dungeon Crawl Stone Soup version 0.28.0-49-g6dfe1f597d (webtiles) character file.

Game seed: 3220583538059115345

55 Eitelfritz the Sneak (level 4, -5/26 HPs)
             Began as a Kobold Brigand on May 11, 2022.
             Killed from afar by a white imp (7 damage)
             ... with a puff of frost
             ... summoned by Natasha
             ... on level 3 of the Dungeon.
             The game lasted 00:02:51 (1762 turns).

Eitelfritz the Sneak (Kobold Brigand)               Turns: 1762, Time: 00:02:51

Health: -5/26      AC:  4    Str:  8    XL:     4   Next: 14%
Magic:  4/4        EV: 14    Int: 12    God:
Gold:   165        SH:  0    Dex: 18    Spells: 3/3 levels left

rFire   . . .      SeeInvis .   b - +3 short sword
rCold   . . .      Faith    .   (no shield)
rNeg    . . .      Spirit   .   j - +0 robe
rPois   .          Reflect  .   (no helmet)
rElec   .          Harm     .   c - +0 cloak
rCorr   .          Rampage  .   (no gloves)
Will    .....                   l - +0 pair of boots
Stlth   +++++.....              (no amulet)
HPRegen 0.08/turn               (no ring)
MPRegen 0.09/turn               (no ring)

@: no status effects
A: small, no large weapons, nightstalker 3
a: no special abilities


You were on level 3 of the Dungeon.
You visited 1 branch of the dungeon, and saw 3 of its levels.

You collected 165 gold pieces.

Inventory:

Hand Weapons
 a - a +2 dagger
 b - a +3 short sword (weapon)
Missiles
 d - 8 poisoned darts (quivered)
 e - 2 curare-tipped darts
Armour
 c - a +0 cloak (worn)
 j - a +0 robe (worn)
 k - a +1 ring mail of positive energy
 l - a +0 pair of boots (worn)
Scrolls
 f - a scroll of fog {unknown}
 h - 2 scrolls of amnesia {unknown}
 i - a scroll of enchant weapon {unknown}
 m - a scroll of holy word {unknown}
 n - a scroll of identify {unknown}
 p - a scroll of vulnerability {unknown}
 r - a scroll of silence {unknown}
 s - a scroll of brand weapon {unknown}
Potions
 g - 3 potions of degeneration {unknown}
 o - a potion of lignification {unknown}
 q - a potion of brilliance {unknown}


   Skills:
 + Level 2.2 Fighting
 + Level 2.9 Short Blades
 + Level 2.4 Throwing
 + Level 1.2 Dodging
 + Level 7.2 Stealth


You had 3 spell levels left.
You didn't know any spells.
Your spell library was empty.

Dungeon Overview and Level Annotations

Branches:
Dungeon (3/15)

Altars:

Shops:
D:1 =

Annotations:
D:3 Natasha


Innate Abilities, Weirdness & Mutations

You are small and have problems with some larger weapons.
You are completely attuned to the shadows.


Message History

Natasha hisses angrily.
The iguana hisses angrily.
Natasha mumbles some strange words.
The iguana barely misses you.
You hit the iguana but do no damage. You hit the iguana but do no damage.
Your punch misses the iguana. The iguana barely misses you.
You hit the iguana.
The iguana is lightly wounded.
The iguana closely misses you. Natasha claws you but does no damage.
b - a +3 short sword (weapon)
The white imp gestures at you. The puff of frost hits you!
The iguana misses you. Natasha misses you.
Natasha stares at you and mumbles some strange words.
You resist with some effort.
Found 30 arrows.
The white imp gestures at you. The puff of frost hits you.
You closely miss the iguana.
The iguana is lightly wounded.
The iguana misses you.
You hit the iguana.
The iguana is moderately wounded.
You hit the iguana.
The iguana is moderately wounded.
The iguana completely misses you. The white imp gestures at you.
The puff of frost hits you!
* * * LOW HITPOINT WARNING * * *
Natasha wildly gestures.
You feel troubled.
You hit the iguana but do no damage.
The iguana is moderately wounded.
The iguana bites you.
* * * LOW HITPOINT WARNING * * *
You hit the iguana.
The iguana is moderately wounded.
The white imp gestures at you. The puff of frost hits you!
You die...

#.#... #.
#..#.#
#(##.......#
#...........
..[.@5.....
####l#...####..
####h....<.....
#.......######.
#......>..#
#.)....##.#
#......# .#
#....!.#
#......#


You could see an iguana, Natasha and a white imp (summoned).

Vanquished Creatures
  An adder (D:2)
  A dart slug (D:2)
  4 bats
  3 endoplasms (D:1)
  3 giant cockroaches
  4 goblins
  4 hobgoblins
  3 quokkas
  5 ball pythons
  3 frilled lizards
  4 kobolds
  A quokka skeleton (D:2)
  4 rats
40 creatures vanquished.

Notes
Turn   | Place    | Note
-------+----------+-------------------------------------------
     0 | D:1      | Eitelfritz the Kobold Brigand began the quest for the Orb.
     0 | D:1      | Reached XP level 1. HP: 12/12 MP: 1/1
   234 | D:1      | Reached XP level 2. HP: 17/17 MP: 2/2
   347 | D:1      | Reached skill level 6 in Stealth
   538 | D:1      | Reached XP level 3. HP: 21/21 MP: 3/3
   610 | D:1      | Found Okynun's Jewellery Shop.
  1426 | D:2      | Reached skill level 7 in Stealth
  1656 | D:2      | Reached XP level 4. HP: 26/26 MP: 4/4
  1747 | D:3      | Noticed Natasha
  1762 | D:3      | Killed from afar by a white imp

Illustrated notes

Levels and vault maps discovered:
D:1:      dpeg_arrival_castle, layout_basic, serial_shops,
          nicolae_shop_behind_doors
D:2:      minmay_chambers_of_twos, layout_rooms
D:3:      layout_basic, pf_just_have_faith, chequers_ecumenical_altar_island,
          uniq_natasha

Skill      XL: |  1  2  3 |
---------------+----------+-----
Stealth        | 6 7 |  7.2
Fighting       | |  2.2
Short Blades   | |  2.9
Throwing       | |  2.4
Dodging        | |  1.2

Action                   |  1- 3 |  4- 6 || total
-------------------------+-------+-------++-------
Melee: Dagger            |    63 |    11 ||    74
       Punch             |     3 |     1 ||     4
       Short sword       |       |     5 ||     5
 Stab: Sleeping          |    24 |     4 ||    28
Armor: Robe              |     9 |     2 ||    11
Dodge: Dodged            |    27 |    10 ||    37
